 Dungeon Crawl Stone Soup version 0.19-a0-994-g3c636f0 (webtiles) character file.

6036 ololoev the Basher (level 10, -21/136 HPs)
             Began as a Deep Dwarf Hunter on July 15, 2016.
             Was a Follower of Elyvilon.
             Demolished by an orc warlord
             ... wielding a +0 battleaxe
              (25 damage)
             ... on level 1 of the Orcish Mines.
             The game lasted 00:33:39 (9112 turns).

ololoev the Basher (Deep Dwarf Hunter)              Turns: 9112, Time: 00:33:40

Health: -21/136    AC: 22    Str: 24    XL:     10   Next: 56%
Magic:  8/8        EV: 10    Int: 12    God:    Elyvilon [*.....]
Gold:   778        SH:  0    Dex: 13    Spells: 0 memorised, 9 levels left

rFire  . . .     SeeInvis .     a - +2 morningstar (protect)
rCold  . . .     Gourm    .     o - +0 plate armour
rNeg   . . .     Faith    .     (no shield)
rPois  .         Spirit   .     (no helmet)
rElec  .         Dismiss  .     h - +0 cloak
rCorr  .         Reflect  .     m - +1 pair of gloves
SustAt .         Harm     .     (no boots)
MR     ++...     Clarity  +     (no amulet)
Stlth  ..........               (no ring)
                                x - ring of protection from magic

@: berserking (expiring), non-regenerating, very quick, very resistant to
hostile enchantments, extremely unstealthy
A: damage resistance, recharge devices, clarity, sense surroundings 2, slow
regeneration 3, wild magic 1, evolution 1
a: Device Recharging, Lesser Healing, Divine Protection, Renounce Religion


Innate Abilities, Weirdness & Mutations

You are resistant to damage.
You can recharge devices by infusing magical energy.
You passively map the area around you.
You do not regenerate naturally.
You possess an exceptional clarity of mind.
Your spells are a little harder to cast, but a little more powerful.
You evolve.

Inventory:

Hand Weapons
 a - a +2 morningstar of protection (weapon)
 b - a +1 hunting sling
Missiles
 n - 142 stones (quivered)
 J - a sling bullet
Armour
 h - a +0 cloak (worn)
 m - a +1 pair of gloves (worn)
 o - a +0 plate armour (worn)
Magical Staves
 F - an uncursed staff of wizardry
Jewellery
 x - a ring of protection from magic (left hand)
Wands
 e - a wand of heal wounds (8/9)
 H - a wand of confusion (20/48)
 M - a wand of digging (11/24)
Scrolls
 i - a scroll of enchant weapon {unknown}
 j - 5 scrolls of teleportation
 p - a scroll of immolation {unknown}
 q - 2 scrolls of fog
 r - 4 scrolls of enchant armour
 u - a scroll of remove curse
 y - 2 scrolls of magic mapping
 B - a scroll of blinking
 K - a scroll of holy word
 L - a scroll of noise {unknown}
Potions
 c - 4 potions of curing
 d - 2 potions of brilliance
 z - 6 potions of haste
 A - a potion of flight
 D - 2 potions of agility
 G - a potion of might
Books
 v - a Grand Grimoire

   Spells                             Type                      Level
   a - Monstrous Menagerie            Summoning                    7
   b - Summon Greater Demon           Summoning                    7
   c - Malign Gateway                 Summoning/Translocation      7
   d - Summon Horrible Things         Summoning                    8
 I - a book of Necromancy

   Spells                             Type                      Level
   a - Pain                           Necromancy                   1
   b - Animate Skeleton               Necromancy                   1
   c - Vampiric Draining              Necromancy                   3
   d - Regeneration                   Charms/Necromancy            3
   e - Animate Dead                   Necromancy                   4
   f - Control Undead                 Necromancy                   4
   Elyvilon disapproves of the use of such an item.
Comestibles
 f - 9 bread rations
 k - 9 fruits
 l - 3 beef jerkies
 t - 3 meat rations
 E - 4 chunks of flesh
 N - 7 royal jellies
 O - a slice of pizza


   Skills:
 + Level 6.1 Fighting
 * Level 9.6 Maces & Flails
 - Level 4.6 Slings
 + Level 7.4 Armour
 + Level 7.6 Dodging
 - Level 1.2 Stealth
 + Level 5.3 Invocations
 + Level 4.2 Evocations


You had 9 spell levels left.
You didn't know any spells.


You were on level 1 of the Orcish Mines.
You worshipped Elyvilon.
Elyvilon was aware of your devotion.
You were not hungry.

You visited 3 branches of the dungeon, and saw 12 of its levels.

You collected 778 gold pieces.

o.# **** * #...###.....#> .o*
#............. .# ##.<....#..#..
.############### ##...######..
...............# ##.......####.
..............# ###.........# #.
..........##.## ##.#.........####
...........######......#.##...#.#
..............oo@..##...##..##...
...........######.##.......#.##.#
............# #####.....#####..
#........#.## ##.....####..
........#### ##...###.#..
.....#### ##.###....# ....##
####.....# ...## ##..### #...*
##....

Notes
Turn   | Place    | Note
-------+----------+-------------------------------------------
     0 | D:1      | ololoev the Deep Dwarf Hunter began the quest for the Orb.
     0 | D:1      | Reached XP level 1. HP: 19/19 MP: 1/1
     0 | D:1      | ololoev: буду хантардом
     0 | D:1      | Goblin1989: ну, тоже нормально так
     0 | D:1      | ololoev: слинги в эрли норм
    19 | D:1      | Goblin1989: а я вчера нашел хеллфайер арбалет сталкеру в 0,17
    30 | D:1      | ololoev: норм
    32 | D:1      | Goblin1989: решил попробовать 15 рун сделать
    52 | D:1      | Goblin1989: там еще какая-то крутая ЦПА лецит за 2200
    52 | D:1      | Goblin1989: а у меня как раз гозаг
    52 | D:1      | Goblin1989: )))
    52 | D:1      | ololoev: рандарт?
    55 | D:1      | Goblin1989: ага
   156 | D:1      | Goblin1989: а еще у меня +10 инты с вещей и я могу выучить БХ
   157 | D:1      | Reached XP level 2. HP: 26/26 MP: 2/2
   184 | D:1      | Goblin1989: короче будет круто если я не умру )))
   196 | D:1      | ololoev: не ну вс с гозагом это норм
   196 | D:1      | ololoev: его хилки же работают?
   206 | D:1      | Goblin1989: агась
   229 | D:1      | Reached skill level 1 in Maces & Flails
   251 | D:1      | Goblin1989: у него несколько способов хила можно сделать
   330 | D:1      | Goblin1989: эля, гозаг, рю
   342 | D:1      | ololoev: хлеб
   342 | D:1      | ololoev: трог
   342 | D:1      | ololoev: тсо
   620 | D:1      | Reached XP level 3. HP: 22/32 MP: 3/3
   888 | D:2      | Goblin1989: они пассивно лечат
   984 | D:2      | Goblin1989: в экстренной ситуации нужен активный именно
   990 | D:2      | Goblin1989: а его только эти трое дают
  1085 | D:2      | Goblin1989: а почему в прошлый раз рю и выбирал, когда выиграл
  1085 | D:2      | ololoev: хлеб кстати тоже активно лечит
  1085 | D:2      | ololoev: только вместо абилки надо АОЕ кинуть в толпу
  1192 | D:2      | Found a shattered altar of Ashenzari.
  1226 | D:2      | Reached skill level 1 in Armour
  1272 | D:2      | Goblin1989: ну да
  1360 | D:2      | Goblin1989: или иммо прочесть
  1509 | D:3      | Goblin1989: я кстати так орков 4 зачистил
  1516 | D:3      | Goblin1989: последнюю комнату
  1544 | D:2      | Goblin1989: с кучей орков-депонологистов, сорсеров и прочей нечистью
  1594 | D:3      | Reached XP level 4. HP: 40/40 MP: 4/4
  1599 | D:3      | Goblin1989: прочел иммо, жахнул пару рах хеллфайером и готово
  1671 | D:3      | Goblin1989: чем полчаса отбегать и убивать их по одному
  1675 | D:3      | Reached skill level 2 in Maces & Flails
  1766 | D:3      | Goblin1989: безопасней кстати тоже
  1861 | D:3      | Found an opulent altar of Gozag.
  2142 | D:4      | Reached XP level 5. HP: 43/46 MP: 5/5
  2274 | D:4      | Noticed mistymad's ghost (amateur MfMo)
  2307 | D:4      | Killed mistymad's ghost
  2307 | D:4      | Reached skill level 3 in Maces & Flails
  2307 | D:4      | Reached XP level 6. HP: 49/56 MP: 6/6
  2625 | D:5      | Entered Level 5 of the Dungeon
  2843 | D:5      | Noticed a sky beast
  2878 | D:5      | Killed a sky beast
  2878 | D:5      | Reached skill level 4 in Maces & Flails
  2909 | D:5      | Noticed mistymad's ghost (novice MfMo)
  2981 | D:4      | Reached XP level 7. HP: 44/62 MP: 7/7
  3302 | D:5      | Noticed a yak
  3303 | D:5      | Noticed a yak
  3305 | D:5      | Noticed a yak
  3335 | D:5      | Killed a yak
  3335 | D:5      | Reached skill level 5 in Maces & Flails
  3346 | D:5      | Killed a yak
  3356 | D:5      | Killed a yak
  3356 | D:5      | Reached skill level 5 in Dodging
  3356 | D:5      | Reached XP level 8. HP: 43/72 MP: 8/8
  3390 | D:5      | Found a hazy altar of Hepliaklqana.
  3454 | D:5      | Noticed Menkaure
  3475 | D:5      | Killed Menkaure
  3475 | D:5      | Reached skill level 6 in Maces & Flails
  3606 | D:5      | Found a sacrificial altar of Ru.
  3655 | D:5      | Reached skill level 5 in Armour
  3854 | D:5      | Found an ancient bone altar of Kikubaaqudgha.
  4106 | D:6      | Found an iron altar of Okawaru.
  4233 | D:6      | Got a transparent falchion
  4234 | D:6      | Identified the cursed +0 falchion of Battle {flame, Str+4 Dex-2 Stlth+} (You found it on level 6 of the Dungeon)
  4442 | D:6      | Reached skill level 7 in Maces & Flails
  4466 | D:6      | Found a runed door.
  4470 | D:6      | Noticed Crazy Yiuf
  4478 | D:6      | Killed Crazy Yiuf
  4645 | D:7      | Noticed a dagger
  4645 | D:7      | Noticed a dagger
  4648 | D:7      | Found a hide-covered altar of Uskayaw.
  4678 | D:7      | Gained mutation: You passively map the area around you. [Deep Dwarf growth]
  4678 | D:7      | Reached XP level 9. HP: 42/80 MP: 7/7
  4960 | D:7      | Reached skill level 5 in Fighting
  5106 | D:7      | Found a staircase to the Ecumenical Temple.
  5110 | Temple   | Entered the Ecumenical Temple
  5167 | Temple   | Became a worshipper of Elyvilon the Healer
  5398 | D:7      | Reached skill level 1 in Evocations
  5427 | D:7      | Reached skill level 1 in Invocations
  5433 | D:7      | Gained mutation: Your spells are a little harder to cast, but a little more powerful. [mutagenic meat]
  5436 | D:7      | Gained mutation: You evolve. [mutagenic meat]
  5439 | D:7      | Gained mutation: Armour fits poorly on your strangely shaped body. [mutagenic meat]
  5442 | D:7      | Lost mutation: Armour fits poorly on your strangely shaped body. [mutagenic meat]
  5836 | D:7      | Goblin1989: кого брать будешь?
  5838 | D:7      | ololoev: дживу
  5838 | D:7      | ololoev: но пока эли
  6013 | D:7      | Reached skill level 8 in Maces & Flails
  6014 | D:7      | Goblin1989: я его и хотел предложить :)
  6103 | D:7      | Goblin1989: дживу после данжа, дэпсов и волтов?
  6127 | D:7      | ololoev: нет, сразу в леире
  6566 | D:8      | Reached * piety under Elyvilon
  6665 | D:8      | Found a white marble altar of Elyvilon.
  6765 | D:8      | Found a snail-covered altar of Cheibriados.
  7466 | D:9      | Found a staircase to the Orcish Mines.
  7619 | D:8      | Reached XP level 10. HP: 50/90 MP: 7/7
  7882 | D:9      | Reached skill level 9 in Maces & Flails
  7924 | D:9      | Found a roughly hewn altar of Beogh.
  8127 | D:9      | Gained mutation: You possess an exceptional clarity of mind. [evolution]
  8437 | D:10     | Entered Level 10 of the Dungeon
  8660 | D:10     | Found Rimy's Gadget Shoppe.
  8663 | D:10     | ololoev: опана
  8663 | D:10     | ololoev: лайтнинг род!!!!!
  8663 | D:10     | ololoev: всем хана
  8663 | D:10     | ololoev: я пошел в орки
  8724 | Orc:1    | Entered Level 1 of the Orcish Mines
  8758 | Orc:1    | Reached skill level 5 in Invocations
  9077 | Orc:1    | Noticed an orc warlord
  9110 | Orc:1    | HP: 4/136 [orc warlord/battleaxe (27)]
  9112 | Orc:1    | Demolished by an orc warlord

Dungeon Overview and Level Annotations

Branches:
Dungeon (10/15)            Temple (1/1) D:7             Orc (1/2) D:9
   Lair: D:8-11

Altars:
Ashenzari
Cheibriados
Dithmenos
Elyvilon
Fedhas
Gozag
Hepliaklqana
Kikubaaqudgha
Makhleb
Nemelex Xobeh
Okawaru
Pakellas
Qazlal
Ru
Sif Muna
Trog
Uskayaw
Vehumet
Xom
Yredelemnul
Zin
The Shining One
Beogh

Shops:
D:10 }

Annotations:
D:5 mistymad's ghost, novice MfMo


Message History

Aim: an orc warlord, wielding a battleaxe and wearing a plate armour (chance to defeat MR: 21%)
Okay, then.
Unknown command.
Okay, then.
Things that are here:
2 potions of lignification; a potion of mutation Evoke which item? (* to show all) (? for menu, Esc to quit)
Zapping:
H - a wand of confusion {zapped: 3} (will waste charges)
Press: ? - help, Shift-Dir - straight line, f - orc warrior
Aim: an orc warrior, wielding a war axe and wearing a plate armour (unusually strong, chance to defeat MR: 54%)
The orc warrior resists with significant effort.
Evoking this partially-identified wand wasted a few charges.
The orc warrior hits you but does no damage.
Evoke which item? (* to show all) (? for menu, Esc to quit)
Zapping:
H - a wand of confusion {zapped: 6} (will waste charges)
Press: ? - help, Shift-Dir - straight line, f/p - orc warrior
Aim: an orc warrior, wielding a war axe and wearing a plate armour (unusually strong, chance to defeat MR: 54%)
The orc warrior appears confused.
Evoking this partially-identified wand wasted a few charges.
The orc warrior barely misses the orc warrior.
The orc warrior closely misses you.
You barely miss the orc warrior.
The orc warrior hits you with a war axe!
You puncture the orc warrior!
The orc warrior is heavily wounded.
You sock the orc warrior!
The orc warrior is almost dead.
The orc warrior says, "Why is everything spinning?"
The orc warrior hits you with a war axe!!
Your plate armour prevents you from hitting the orc warrior.
The orc warrior is almost dead.
The orc warrior barely misses you.
You puncture the orc warrior!
You kill the orc warrior!
Evoke which item? (* to show all) (? for menu, Esc to quit)
Zapping:
H - a wand of confusion {zapped: 8} (will waste charges)
Press: ? - help, Shift-Dir - straight line, f - orc warrior
Aim: an orc warrior, wielding a short sword and wearing a chain mail (unusually strong, chance to defeat MR: 54%)
The orc warrior resists with significant effort.
Evoking this partially-identified wand wasted a few charges.
The orc warrior no longer looks unusually strong.
A red film seems to cover your vision as you go berserk!
You feel yourself moving faster!
You feel mighty!
You completely miss the orc warlord.
The orc warlord roars a battlecry!
The orc warrior goes into a battle-frenzy!
The orc warlord barely misses you.
You barely miss the orc warlord. You hit the orc warlord.
The orc warlord is lightly wounded.
The orc warlord hits you with a battleaxe.
You sock the orc warlord!
The orc warlord is lightly wounded.
You hit the orc warlord.
The orc warlord is lightly wounded.
The orc warlord hits you with a battleaxe!!
You bludgeon the orc warlord!!
The orc warlord is heavily wounded.
You thump the orc warlord!
The orc warlord is heavily wounded.
The orc warlord hits you with a battleaxe!
You barely miss the orc warlord.
The orc warlord is heavily wounded.
You barely miss the orc warlord.
The orc warlord is heavily wounded.
The orc warlord hits you with a battleaxe.
You thump the orc warlord!
The orc warlord is heavily wounded.
The orc warlord hits you with a battleaxe!!
You bludgeon the orc warlord!!
The orc warlord is severely wounded.
You closely miss the orc warlord.
The orc warlord is severely wounded.
The orc warlord hits you with a battleaxe!!
You barely miss the orc warlord.
The orc warlord is severely wounded.
You hit the orc warlord.
The orc warlord is severely wounded.
The orc warlord hits you with a battleaxe!!
You die...

You could see an orc warlord and an orc warrior.

Vanquished Creatures
  A two-headed ogre (Orc:1)
  A queen bee (D:9)
  The ghost of mistymad the Poker, an amateur MfMo of Fedhas (D:4)
  3 yaks (D:5)
  2 hippogriffs
  Menkaure (D:5)
  An ice beast (D:7)
  6 orc warriors
  2 sky beasts
  3 phantoms
  5 ogres
  A centaur (D:8)
  A crocodile (D:7)
  2 big kobolds
  6 giant frogs
  6 scorpions
  17 killer bees
  3 crimson imps
  4 jellies
  2 giant frog zombies
  A quasit (D:7)
  7 orc priests
  A centaur zombie (D:7)
  A gnoll shaman (D:6)
  Crazy Yiuf (D:6)
  4 iguanas
  7 orc wizards
  4 worker ants
  2 hound skeletons
  A worker ant zombie (D:7)
  A mummy (D:8)
  6 adders
  11 gnolls
  A shadow imp (D:8)
  An ooze (D:7)
  A worm (D:5)
  A dart slug (D:1)
  3 giant geckos
  25 orcs
  4 giant cockroaches
  7 goblins
  13 hobgoblins
  9 jackals
  3 quokkas
  8 bats
  6 giant newts
  A jackal skeleton (D:8)
  8 kobolds
  2 quokka skeletons
  8 rats
216 creatures vanquished.

Action                   |  1- 3 |  4- 6 |  7- 9 | 10-12 || total
-------------------------+-------+-------+-------+-------++-------
Melee: Mace              |    61 |    45 |    32 |       ||   138
       Flail             |       |       |   265 |       ||   265
       Morningstar       |       |       |   121 |   250 ||   371
 Fire: Hunting sling     |   120 |   108 |   407 |    26 ||   661
Invok: Lesser Healing    |       |       |     9 |    32 ||    41
 Abil: Device Recharging |       |       |     5 |     1 ||     6
Evoke: Wand              |     1 |       |    21 |     8 ||    30
  Use: Potion            |       |       |     4 |     1 ||     5
       Scroll            |       |       |     3 |    10 ||    13
  Eat: Chunk             |     2 |     3 |    15 |    10 ||    30
       Pizza             |       |     1 |       |       ||     1
       Meat ration       |       |       |     1 |       ||     1
Armor: Scale mail        |    37 |       |       |       ||    37
       Plate armour      |    18 |    68 |   454 |   217 ||   757
Dodge: Dodged            |    65 |    24 |   290 |   166 ||   545

Vault maps used:
D:1:      onia_arrival_pyramid, minivault_11
D:2:      overflow_temple_1_default, hangedman_decor_push, minivault_5
D:3:      nicolae_overflow_crystal_walls
D:4:      first_bread, minivault_1
D:5:      nicolae_overflow_hidden_temple, kennysheep_mini_moat,
          lemuel_crystal_altar, uniq_menkaure
D:6:      okawaru_ov_weapons_minmay, uniq_crazy_yiuf_cottage
D:7:      dancing_weapons_uskayaw, roderic_bipointed_swastika, sigmund_army
D:8:      slow_altar_1, basic_altar
D:9:      minmay_orc_entry_temple_small, david_nohive_1
D:10:     serial_shops, shop, kennysheep_nub
Temple:   eino_temple_water
Orc:1:    orc_temple
